 Dungeon Crawl Stone Soup version 0.26-a0-712-ga5a9c9c9d0 (webtiles) character file.

Game seed: 11464651926994425032

1885 kae the Transmogrifier (level 9, -14/56 HPs)
             Began as an Octopode Transmuter on Nov 5, 2020.
             Was a Believer of Cheibriados.
             Collided with a rock wall (16 damage)
             ... caused by Erica
             ... on level 8 of the Dungeon.
             The game lasted 00:05:30 (8385 turns).

kae the Transmogrifier (Octopode Transmuter)        Turns: 8385, Time: 00:05:30

Health: -14/56     AC:  1    Str: 16    XL:     9   Next: 14%
Magic:  19/22      EV: 15    Int: 25    God:    Cheibriados [**....]
Gold:   362        SH:  0    Dex: 23    Spells: 1/14 levels left

rFire    . . .     SeeInvis .     - Unarmed
rCold    . . .     Faith    .   (no shield)
rNeg     . . .     Spirit   .   (helmet restricted)
rPois    .         Reflect  .   (no amulet)
rElec    .         Harm     .   c - ring of wizardry
rCorr    .         Rampage  .   e - +6 ring of intelligence
MR       .....                  f - ring of flight
Stlth    +++.......             (no ring)
HPRegen  0.18/turn              a - +6 ring of dexterity
MPRegen  0.18/turn              r - ring of magical power
                                (no ring)
                                (no ring)

@: about to teleport, slowed, very slow
A: almost no armour, stealthy swim, amphibious, 8 rings, constrict 8, camouflage
1, gelatinous body 1
a: Bend Time, Renounce Religion, Evoke Flight


You were on level 8 of the Dungeon.
You worshipped Cheibriados.
Cheibriados was pleased with you.
You visited 2 branches of the dungeon, and saw 9 of its levels.

You collected 362 gold pieces.

Inventory:

Jewellery
 a - a +6 ring of dexterity (on tentacle)
 c - a ring of wizardry (left tentacle)
 e - a +6 ring of intelligence (right tentacle)
 f - a ring of flight (on tentacle)
 r - a ring of magical power (on tentacle)
 s - an uncursed ring of poison resistance {unknown}
 C - an uncursed amulet of magic regeneration {unknown}
Wands
 k - a wand of polymorph (9)
 n - a wand of digging (6)
 q - a wand of paralysis (7)
 t - a wand of iceblast (9)
 z - a wand of flame (16)
 B - a wand of enslavement (7)
Scrolls
 b - 2 scrolls of teleportation
 g - 4 scrolls of remove curse
 l - a scroll of silence {unknown}
 m - 3 scrolls of identify
 p - a scroll of magic mapping
 v - a scroll of enchant armour
 w - a scroll of amnesia
 y - a scroll of enchant weapon
Potions
 d - a potion of berserk rage
 h - a potion of mutation
 i - a potion of haste
 j - 3 potions of brilliance
 o - 2 potions of flight


   Skills:
 - Level 3.0 Fighting
 - Level 3.0 Dodging
 + Level 6.8 Unarmed Combat
 - Level 3.0 Spellcasting
 * Level 9.0 Transmutations


You had one spell level left.
You knew the following spells:

 Your Spells              Type           Power        Failure   Level
a - Beastly Appendage     Tmut           #####.       1%          1
b - Spider Form           Tmut/Pois      ####......   1%          3
c - Blade Hands           Tmut           #####.....   2%          5
d - Ice Form              Ice/Tmut       ####....     6%          4

Your spell library contained the following spells:

 Spells                   Type           Power        Failure   Level
 Magic Dart               Conj           #...         4%          1
 Sandblast                Erth           #.....       4%          1
 Passwall                 Tmut/Erth      ####....     1%          2
 Wereblood                Tmut           #####...     1%          2
 Blink                    Tloc           N/A          6%          2
 Call Imp                 Summ           #.......     6%          2
 Slow                     Hex            #.......     6%          2
 Petrify                  Tmut/Erth      ####....     6%          4
 Conjure Flame            Conj/Fire      #.......     12%         3
 Mephitic Cloud           Conj/Pois/Air  #.......     12%         3
 Stone Arrow              Conj/Erth      #.....       12%         3
 Lee's Rapid Deconstruct  Erth           #.........   69%         5


Dungeon Overview and Level Annotations

Branches:
Dungeon (8/15)             Temple (1/1) D:5
   Lair: D:8-11

Altars:
Ashenzari
Cheibriados
Dithmenos
Elyvilon
Gozag
Hepliaklqana
Kikubaaqudgha
Makhleb
Nemelex Xobeh
Okawaru
Qazlal
Ru
Sif Muna
Uskayaw
Vehumet
Wu Jian
Xom
Yredelemnul
Zin
The Shining One

Shops:
D:7 [   D:8 *

Annotations:
D:6 3 runed translucent doors, psellion's ghost, novice KoDe
D:8 Erica; Joseph


Innate Abilities, Weirdness & Mutations

You cannot wear most types of armour.
You are very stealthy in the water. (Stealth+)
You are amphibious.
You can wear up to eight rings at the same time.
You can use your tentacles to constrict eight enemies at once.
Your skin changes colour to match your surroundings (Stealth+).
Your rubbery body absorbs attacks. (AC +1, EV +1)


Message History

The bolt of poison misses you.
Joseph zaps a wand.
As you read the scroll of teleportation, it crumbles to dust.
You feel strangely unstable.
You hear some strange, mumbled words.
You feel yourself slow down.
Joseph shoots a sling bullet.
You hear some strange, mumbled words.
You feel as though you will be slow longer.
Joseph shoots a sling bullet.
You hear some strange, mumbled words.
A lance of force appears from out of thin air!
The lance of force misses you.
Joseph shoots a sling bullet.
The sling bullet closely misses you.
You hear some strange, mumbled words.
A lance of force appears from out of thin air!
The lance of force hits you!!
Ouch! That really hurt!
* * * LOW HITPOINT WARNING * * *
You are knocked back by the lance of force.
You slam into the rock wall!
You die...

# ....... # .......######## ###
... #......#..#.... ..##....
#......(..... ........#
#<..@..@... .(.......
.....@.(.# .. ......... @.
##{.## .## ....#.... ...
#(.(.##..### [.####... ....
#@....#....## ..... ...
.....#...........# ...... ..
..##............## ......
..$..(......###..## ....#.
..(...............## ....#.
#.............(.#..##
......#####.......#.......#...#
..###..##.....................#
..##......................##..#


You could see Joseph.

Vanquished Creatures
  2 water moccasins (D:8)
  A black bear (D:8)
  An ice beast (D:6)
  An ogre (D:7)
  2 centaurs
  Blork the orc (D:5)
  A bullfrog (D:8)
  5 wights (D:6)
  2 howler monkeys (D:5)
  A centaur zombie (D:5)
  4 hounds
  An orc priest (D:8)
  3 jellies
  7 orc wizards
  Ijyb (D:5)
  2 iguanas
  4 worker ants
  A hound skeleton (D:5)
  A howler monkey zombie (D:5)
  7 adders
  2 howler monkey skeletons
  2 shadow imps
  2 white imps
  An ooze (D:4)
  A worm (D:2)
  A dart slug (D:2)
  A leopard gecko (D:1)
  14 orcs
  A ball python (D:1)
  3 bats
  A giant cockroach (D:5)
  6 goblins
  3 hobgoblins
  12 jackals
  3 kobolds
  2 quokkas (D:2)
  2 frilled lizards
  6 rats
111 creatures vanquished.

Notes
Turn   | Place    | Note
-------+----------+-------------------------------------------
     0 | D:1      | kae the Octopode Transmuter began the quest for the Orb.
     0 | D:1      | Reached XP level 1. HP: 13/13 MP: 3/3
   212 | D:1      | Reached XP level 2. HP: 17/18 MP: 3/5
   925 | D:2      | Reached XP level 3. HP: 23/23 MP: 4/6
   968 | D:2      | Learned a level 3 spell: Spider Form
  1691 | D:2      | Found a shadowy altar of Dithmenos.
  1851 | D:2      | Found a glowing silver altar of Zin.
  1851 | D:2      | Found an iron altar of Okawaru.
  1909 | D:3      | Reached skill level 3 in Transmutations
  1909 | D:3      | Reached XP level 4. HP: 27/28 MP: 3/7
  2207 | D:3      | Reached XP level 5. HP: 24/34 MP: 8/8
  3132 | D:4      | Reached XP level 6. HP: 39/40 MP: 6/10
  3196 | D:4      | Reached skill level 4 in Transmutations
  3330 | D:4      | Found a stormy altar of Qazlal.
  3422 | D:5      | Entered Level 5 of the Dungeon
  3424 | D:5      | Noticed Ijyb
  3594 | D:5      | Found a staircase to the Ecumenical Temple.
  3627 | D:5      | Noticed Blork the orc
  3795 | D:5      | Killed Blork the orc
  3795 | D:5      | Reached skill level 5 in Transmutations
  3795 | D:5      | Reached XP level 7. HP: 38/46 MP: 7/11
  3851 | D:5      | Found a white marble altar of Elyvilon.
  3987 | Temple   | Entered the Ecumenical Temple
  4294 | Temple   | Became a worshipper of Cheibriados the Contemplative
  4419 | D:5      | Killed Ijyb
  5063 | D:5      | Found a hazy altar of Hepliaklqana.
  5272 | D:6      | Learned a level 5 spell: Blade Hands
  5289 | D:6      | Reached skill level 6 in Transmutations
  5339 | D:6      | Reached skill level 5 in Unarmed Combat
  5499 | D:6      | Reached XP level 8. HP: 45/52 MP: 12/12
  5610 | D:6      | Found a hazy altar of Hepliaklqana.
  5610 | D:6      | Found a runed translucent gate.
  5610 | D:6      | Found a runed translucent gate.
  5610 | D:6      | Found a runed translucent gate.
  5615 | D:6      | Noticed psellion's ghost (novice KoDe)
  5686 | D:6      | Found a shadowy altar of Dithmenos.
  5756 | D:6      | Reached * piety under Cheibriados
  6171 | D:6      | Found a sparkling altar of Nemelex Xobeh.
  6326 | D:6      | Found a shimmering blue altar of Sif Muna.
  6372 | D:6      | Reached skill level 7 in Transmutations
  6535 | D:7      | Found a basalt altar of Yredelemnul.
  6970 | D:7      | Found Fukizuda's Armour Emporium.
  6979 | D:7      | Found a shimmering blue altar of Sif Muna.
  7610 | D:8      | Reached skill level 8 in Transmutations
  7678 | D:8      | Learned a level 4 spell: Ice Form
  7795 | D:8      | Found Seha Ham's General Store.
  7831 | D:8      | Reached ** piety under Cheibriados
  8053 | D:8      | Reached XP level 9. HP: 39/56 MP: 13/13
  8337 | D:8      | Reached skill level 9 in Transmutations
  8369 | D:8      | Noticed Erica
  8373 | D:8      | Noticed Joseph
  8385 | D:8      | HP: 2/56 [something/lance of force (28)]
  8385 | D:8      | Collided with a rock wall

Illustrated notes

Levels and vault maps discovered:
D:1:      psy_arrival_terrarium, layout_basic, minmay_statues_item
D:2:      layout_loops_ring, gammafunk_temple_overflow_wave,
          grunt_dithmenos_smoke
D:3:      layout_loops_ring
D:4:      layout_basic, grunt_qazlal_clouds
D:5:      wander_river, layout_rooms, elyvilon_altar_3, marbit_many_paths,
          minmay_temple_entry_wispy, kennysheep_generic_room_12, uniq_ijyb,
          uniq_blork_the_orc
D:6:      layout_loops_corners, kennysheep_little_box, lemuel_blue_sif_altar,
          basic_altar, gammafunk_ghost_necromancy, nemelex_spade_bored_becter
D:7:      layout_loops_ring, lemuel_crystal_altar, basic_altar, serial_shops,
          shop, chequers_serial_rivers_room_b
D:8:      layout_cave_pools, serial_shops, nicolae_shop_stone,
          lemuel_flame_loot_1, uniq_erica, uniq_joseph
Temple:   minmay_temple_bridge_abc

Skill      XL: |  1  2  3  4  5  6  7  8  9 |
---------------+----------------------------+-----
Transmutations | 3 5 6 8 9 |  9.0
Dodging        | 3 |  3.0
Fighting       | 2 3 |  3.0
Spellcasting   | 3 |  3.0
Unarmed Combat | 4 5 6 |  6.8

Action                   |  1- 3 |  4- 6 |  7- 9 || total
-------------------------+-------+-------+-------++-------
Melee: Unarmed           |    78 |   115 |   119 ||   312
       Constrict         |    18 |     7 |    13 ||    38
       Tentacles         |    11 |     4 |     9 ||    24
       Kick              |    10 |     7 |     1 ||    18
       Punch             |     2 |     1 |     4 ||     7
 Cast: Beastly Appendage |    18 |     6 |     1 ||    25
       Spider Form       |     1 |    13 |    11 ||    25
       Blade Hands       |       |       |    16 ||    16
       Ice Form          |       |       |     1 ||     1
  Use: Scroll            |     4 |     2 |    10 ||    16
       Potion            |       |     5 |     4 ||     9
 Stab: Sleeping          |     5 |     1 |     5 ||    11
Armor: Skin              |     6 |    18 |     7 ||    31
Dodge: Dodged            |    51 |    93 |    85 ||   229

Table legend: (Time is in decaauts)
 A = Elapsed time spent in this place.
 B = Non-inter-level travel time spent in this place.
 C = Inter-level travel time spent in this place.
 D = Time resting spent in this place.
 E = Time spent auto-exploring this place.
 F = Levels seen in this place.
 G = Mean time per level.
                   A        B        C        D        E       F      G
               +--------+--------+--------+--------+--------+-----+--------+
         Total |   9101 |   8897 |    204 |    392 |   7523 |   9 | 1011.2 |
       Dungeon |   8767 |   8588 |    179 |    392 |   7223 |   8 | 1095.9 |
        Temple |    334 |    309 |     25 |      0 |    300 |   1 |  334.0 |
               +--------+--------+--------+--------+--------+-----+--------+

Top non-repeatable levels by time:
     D:5: 1654 daAuts
     D:6: 1545 daAuts
     D:7: 1218 daAuts
     D:2: 1091 daAuts
     D:8: 939 daAuts
     D:3: 913 daAuts
     D:1: 769 daAuts
     D:4: 635 daAuts
  Temple: 334 daAuts
